 Dungeon Crawl Stone Soup version 0.18.1-48-g4cf74bf (webtiles) character file.

433 wemp the Thaumaturge (level 6, -6/28 HPs)
             Began as a Spriggan Conjurer on July 14, 2016.
             Was an Initiate of Vehumet.
             Mangled by an iguana (12 damage)
             ... on level 4 of the Dungeon.
             The game lasted 00:13:42 (3222 turns).

wemp the Thaumaturge (Spriggan Conjurer)            Turns: 3222, Time: 00:13:43

Health: -6/28      AC:  3    Str:  4    XL:     6   Next: 67%
Magic:  9/22       EV: 21    Int: 18    God:    Vehumet [......]
Gold:   79         SH:  0    Dex: 17    Spells: 3 memorised, 22 levels left

rFire  . . .     SeeInvis +     l - -2 long sword (curse)
rCold  . . .     Gourm    .     a - +0 robe
rNeg   . . .     Faith    .     (shield currently unavailable)
rPois  .         Spirit   .     (helmet restricted)
rElec  .         Dismiss  .     r - +0 cloak
rCorr  .         Reflect  .     (gloves unavailable)
SustAt .         Harm     .     (boots unavailable)
MR     +....                    (no amulet)
Stlth  ++++......               t - +3 ring of evasion
                                m - ring of stealth

@: lethally poisoned (-6 -> -10), very quick, somewhat resistant to hostile
enchantments, stealthy
A: unfitting armour, see invisible, herbivore 3, speed 3, slow metabolism 2
a: Renounce Religion


You were on level 4 of the Dungeon.
You worshipped Vehumet.
Vehumet was noncommittal.
You were not hungry.

You visited 1 branch of the dungeon, and saw 4 of its levels.

You collected 79 gold pieces.

Inventory:

Hand Weapons
 d - a +0 short sword
 l - a cursed -2 long sword (weapon)
 q - a +2 quarterstaff of chaos
 u - a +2 falchion of draining
Armour
 a - a +0 robe (worn)
 r - a +0 cloak (worn)
Jewellery
 m - a ring of stealth (left hand)
 t - a +3 ring of evasion (right hand)
Wands
 s - a wand of flame (0/48)
Scrolls
 g - 6 scrolls of identify
 j - a scroll of teleportation
 p - a scroll of amnesia
Potions
 e - a potion of magic {unknown}
 f - 3 potions of mutation
 h - a potion of invisibility {unknown}
 i - a potion of berserk rage {unknown}
 k - a potion of brilliance {unknown}
 n - 2 potions of heal wounds
 o - 2 potions of curing {unknown}
Books
 b - a book of Conjurations

   Spells                             Type                      Level
   a - Magic Dart                     Conjuration                  1
   b - Searing Ray                    Conjuration                  2
   c - Dazzling Spray                 Conjuration/Hexes            3
   d - Fulminant Prism                Conjuration/Hexes            4
   e - Iskenderun's Mystic Blast      Conjuration                  4
   f - Iskenderun's Battlesphere      Conjuration/Charms           5
Comestibles
 c - 2 bread rations
 v - a royal jelly


   Skills:
 + Level 0.5 Long Blades
 - Level 3.0 Dodging
 - Level 3.0 Stealth
 + Level 12.1 Spellcasting
 + Level 3.5 Conjurations


You had 22 spell levels left.
You knew the following spells:

 Your Spells              Type           Power        Failure   Level  Hunger
a - Magic Dart            Conj           ###.         1%          1    None
b - Searing Ray           Conj           ###...       1%          2    None
c - Iskenderun's Mystic   Conj           ###.....     17%         4    ##.....


Dungeon Overview and Level Annotations

Branches:
Dungeon (4/15)
 Temple: D:4-7

Altars:
Ashenzari
Elyvilon
Kikubaaqudgha
Makhleb
Pakellas
Vehumet

Annotations:
D:4 raph's ghost, amateur MiFi


Innate Abilities, Weirdness & Mutations

You are tiny and cannot use many weapons and most armour.
You have supernaturally acute eyesight.
You are a herbivore.
You cover ground extremely quickly.
You need consume almost no food.


Message History

You feel sick. The adder skeleton closely misses you.
You closely miss the adder skeleton.
You feel sick. The adder skeleton misses you.
Casting: Magic Dart
Confirm with . or Enter, or press ? or * to list all spells.
Aiming: Magic Dart
Press: ? - help, Shift-Dir - straight line, f - adder skeleton
Aim: an adder skeleton The magic dart hits the adder skeleton.
The adder skeleton bites you.
You hit the adder skeleton.
You feel sick. The adder skeleton misses you. x2
You barely miss the adder skeleton.
You feel sick. The adder skeleton closely misses you.
You hit the adder skeleton but do no damage.
You feel sick. The adder skeleton closely misses you.
The adder skeleton misses you.
You hit the adder skeleton.
You destroy the adder skeleton!
Vehumet accepts your kill.
You feel sick. The iguana bites you!
You die...

.................
.................
.................
.................
.................
<.....................
########..##.##........
##l##.##........
#@##.##........
#.##.##........
######.##.##........
.....................
######.......†.......
...†............)..
###................
#<#................ ..
#.....#..##........


You could see an iguana.

Vanquished Creatures
  A howler monkey (D:4)
  A crimson imp (D:3)
  Crazy Yiuf (D:3)
  An orc priest (D:4)
  4 worker ants (D:4)
  A hound skeleton (D:4)
  A gnoll (D:1)
  7 adders
  2 oozes
  An adder skeleton (D:4)
  3 worms
  7 dart slugs (D:3)
  2 giant geckos
  3 orcs
  4 giant cockroaches (D:3)
  6 hobgoblins
  8 jackals
  3 ball pythons
  4 bats
  A giant newt (D:1)
  4 goblins
  8 kobolds
  5 rats
78 creatures vanquished.

Notes
Turn   | Place    | Note
--------------------------------------------------------------
     0 | D:1      | wemp the Spriggan Conjurer began the quest for the Orb.
     0 | D:1      | Reached XP level 1. HP: 9/9 MP: 5/5
   162 | D:1      | Reached skill level 3 in Spellcasting
   319 | D:1      | Reached XP level 2. HP: 5/13 MP: 0/7
   574 | D:1      | Reached skill level 11 in Spellcasting
   574 | D:1      | Reached XP level 3. HP: 16/16 MP: 7/16
   578 | D:1      | Learned a level 2 spell: Searing Ray
   876 | D:1      | You fall through a shaft!
  1119 | D:2      | Reached XP level 4. HP: 21/21 MP: 14/18
  1250 | D:2      | Found an oddly glowing altar of Pakellas.
  1310 | D:2      | Learned a level 4 spell: Iskenderun's Mystic Blast
  1793 | D:3      | Found an ancient bone altar of Kikubaaqudgha.
  1845 | D:3      | Reached XP level 5. HP: 24/24 MP: 13/20
  2068 | D:3      | Found a shattered altar of Ashenzari.
  2128 | D:3      | Noticed Crazy Yiuf
  2164 | D:3      | Killed Crazy Yiuf
  2415 | D:3      | Found a burning altar of Makhleb.
  2416 | D:3      | Found a radiant altar of Vehumet.
  2429 | D:3      | Became a worshipper of Vehumet
  2509 | D:4      | Noticed raph's ghost (amateur MiFi)
  2705 | D:4      | Reached XP level 6. HP: 28/28 MP: 10/21
  3007 | D:4      | Reached skill level 12 in Spellcasting
  3130 | D:4      | Found a white marble altar of Elyvilon.
  3222 | D:4      | Mangled by an iguana

Skill      XL: |  1  2  3  4  5  6 |
---------------+-------------------+-----
Spellcasting   | 3 11 12 | 12.1
Conjurations   | 3 |  3.5
Long Blades    | |  0.5
Dodging        | |  3.0
Stealth        | |  3.0

Action                   |  1- 3 |  4- 6 || total
-------------------------+-------+-------++-------
Melee: Short sword       |    17 |       ||    17
       Long sword        |       |    23 ||    23
 Cast: Magic Dart        |    65 |   138 ||   203
       Searing Ray       |     1 |     6 ||     7
       Iskenderun's Myst |       |     5 ||     5
  Use: Potion            |     1 |       ||     1
       Scroll            |       |     6 ||     6
 Stab: Sleeping          |     1 |     4 ||     5
Armor: Robe              |     3 |     1 ||     4
Dodge: Dodged            |    28 |    55 ||    83
